 Dungeon Crawl Stone Soup version 0.31-a0-632-g766dd24fdf (webtiles) character file.

Game seed: 5396071243488986807

1331 thirtiethelement the Changeling (level 8, -4/85 HPs)
             Began as a Demonspawn Shapeshifter on Aug 25, 2023.
             Slain by a vampire mosquito (8 damage)
             ... on level 5 of the Dungeon.
             The game lasted 00:17:30 (5720 turns).

thirtiethelement the Changeling (DsSh)              Turns: 5720, Time: 00:17:31

Health: -4/85      AC: 24    Str: 14 (17) XL:     8   Next: 34%
Magic:  12/12      EV:  2    Int:  9 (10) God:
Gold:   177        SH:  0    Dex: 17 (20) Spells: 12/13 levels left

rFire   + . .        a - +2 dagger (venom)
rCold   . . .        (no shield)
rNeg    . . .        m - melded +0 leather armour
rPois   +            e - melded +0 helmet
rElec   .            (cloak currently unavailable)
rCorr   .            (gloves currently unavailable)
SInv    .            (boots currently unavailable)
Will    .....        v - amulet of magic regeneration
Stlth   ++           x - ring of protection from fire
HPRegen 0.34/turn    B - +6 ring of dexterity
MPRegen 0.66/turn

%: no passive effects
@: tree-form, very slightly contaminated
A: stationary, stasis, torment immunity, boosted hp, (spiny 1), magic
regeneration, (sanguine armour 2)
a: no special abilities


You were on level 5 of the Dungeon.
You were a tree.
You visited 1 branch of the dungeon, and saw 6 of its levels.

You collected 289 gold pieces.
You spent 112 gold pieces at shops.

Inventory:

Hand Weapons
 a - a +2 dagger of venom (weapon)
Missiles
 A - a boomerang (quivered)
Armour
 e - a +0 helmet (melded)
 m - a +0 leather armour (melded)
Magical Staves
 b - the staff "Kobramm" {rElec rPois rCorr Str+2 Int+2 Air}
   (You found it on level 5 of the Dungeon)

   [staff of air]

   Base accuracy: +5 Base damage: 5 Base attack delay: 1.2 This weapon's minimum
   attack delay (0.6) is reached at skill level 12.
   Str+2:     It affects your strength (+2).
   Int+2:     It affects your intelligence (+2).
   rElec:     It insulates you from electricity.
   rPois:     It protects you from poison rCorr: It protects you from acid and
   corrosion.
   Air:       It increases the power of your Air spells.
   It falls into the 'Staves' category.
   It is a one-handed weapon.
Jewellery
 s - a ring of ice
 v - an amulet of magic regeneration (around neck)
 x - a ring of protection from fire (left branch)
 B - a +6 ring of dexterity (right branch)
Talismans
 c - a beast talisman
 d - a flux talisman
Scrolls
 h - 2 scrolls of vulnerability
 i - 6 scrolls of immolation
 j - 2 scrolls of enchant armour
 k - 2 scrolls of poison
 l - 3 scrolls of teleportation
 p - a scroll of fear {unknown}
 q - 2 scrolls of amnesia {unknown}
 t - a scroll of torment {unknown}
Potions
 f - 3 potions of ambrosia
 g - 2 potions of resistance
 n - a potion of brilliance
 r - a potion of haste {unknown}
 u - a potion of heal wounds {unknown}
 w - 3 potions of lignification
 z - 2 potions of attraction {unknown}
 C - a potion of cancellation {unknown}


   Skills:
 + Level 2.7 Fighting
 + Level 2.4 Short Blades
 + Level 0.1 Throwing
 + Level 3.0 Armour
 + Level 3.1 Dodging
 + Level 1.5 Stealth
 + Level 4.1 Unarmed Combat
 + Level 3.1 Spellcasting
 + Level 2.8 Earth Magic
 * Level 4.8 Shapeshifting


You had 12 spell levels left.
You knew the following spells:

 Your Spells              Type           Power      Damage    Failure   Level
a - Sandblast             Erth           12%        2d6       10%         1

Your spell library contained the following spells:

 Spells                   Type           Power      Damage    Failure   Level
 Passwall                 Tmut/Erth      2%         N/A       26%         2
 Blink                    Tloc           2%         N/A       41%         2
 Cigotuvi's Dreadful Rot  Necr/Pois/Air  2%         N/A       41%         2
 Lesser Beckoning         Tloc           2%         N/A       41%         2
 Momentum Strike          Conj/Tloc      2%         3d8       41%         2
 Stone Arrow              Conj/Erth      6%         3d7       45%         3
 Dazzling Flash           Conj/Hex       2%         N/A       65%         3
 Ozocubu's Armour         Ice            1%         N/A       65%         3
 Summon Guardian Golem    Hex/Summ       1%         N/A       65%         3
 Volatile Blastmotes      Fire/Tloc      2%         2d10      65%         3
 Dispel Undead            Necr           1%         3d6       96%         4
 Death Channel            Necr           0%         N/A       100%        6
 Starburst                Conj/Fire      0%         6d3       100%        6
 Orb of Destruction       Conj           0%         9d5       100%        7
 Ozocubu's Refrigeration  Ice            0%         4d7       100%        7
 Spellforged Servitor     Conj/Summ      0%         N/A       100%        7
 Maxwell's Capacitive Co  Air            0%         ∞         100%        8


Dungeon Overview and Level Annotations

Branches:
Dungeon (6/15)
 Temple: D:4-7

Altars:
Kikubaaqudgha
Ru
Xom

Shops:
D:2 [*:**


Innate Abilities, Weirdness & Mutations

You are a tree.
Your roots penetrate the ground, keeping you stationary.
You cannot be teleported.
You are immune to unholy pain and torment.
Your maximum health is greatly increased.
Your equipment is partially melded.
((You are partially covered in sharp spines.))
You regenerate magic rapidly.
((When seriously injured, your blood forms thick armour. (AC +0)))


Message History

You hit the vampire mosquito.
The vampire mosquito is severely damaged.
The vampire mosquito bites you but does no damage. x3
The vampire mosquito is struck by your spines.
The vampire mosquito bites you.
* * * LOW HITPOINT WARNING * * *
The vampire mosquito draws strength from your injuries!
You miss the vampire mosquito.
The vampire mosquito is severely damaged.
The vampire mosquito closely misses you.
The vampire mosquito bites you.
* * * LOW HITPOINT WARNING * * *
The vampire mosquito draws strength from your injuries!
Your transformation has ended.
Your +0 helmet unmelds from your body.
You turn into a tree.
Your +0 helmet melds into your body.
Your +0 leather armour melds into your body.
Your roots penetrate the ground.
Your blood armour dries and flakes away.
The vampire mosquito bites you but does no damage. x2
The vampire mosquito bites you!
* * * LOW HITPOINT WARNING * * *
The vampire mosquito draws strength from your injuries!
The vampire mosquito bites you but does no damage.
You hit the vampire mosquito.
The vampire mosquito is severely damaged.
The vampire mosquito bites you.
* * * LOW HITPOINT WARNING * * *
The vampire mosquito draws strength from your injuries!
The vampire mosquito bites you but does no damage.
The vampire mosquito bites you.
* * * LOW HITPOINT WARNING * * *
The vampire mosquito draws strength from your injuries!
The vampire mosquito bites you but does no damage.
It was a potion of degeneration.
There was something very wrong with that liquid.
You feel weakened.
You feel dopey.
You feel clumsy.
The vampire mosquito bites you but does no damage. x3
The vampire mosquito bites you!
You die...

..................##.#.#..'.#....
..................##.#.####.#....
..................##...# ##.##...
..................###..###...##..
#.######...............##.....###
.....# ####..........#.##..#.....
#....# ##.###.###.#.##.....###
############....y# #.#.###...##..
# #...........y♣# #.#.# ######..
####.###############...### #..
............###..........# #.#
####.######.#............# #.#
.....# #.######.#._8_.# #.#
###########.# #.#.....# #.#
#..........# #.......# #.#
#.########## ##.....## #.# #.#
####### #.#


You could see 2 vampire mosquitoes.

Vanquished Creatures
  Sigmund (D:4)
  A vampire mosquito (D:6)
  A black bear (D:5)
  An ice beast (D:5)
  An ogre (D:5)
  A scorpion (D:4)
  2 vampire bats (D:5)
  3 jellies (D:5)
  An orc priest (D:2)
  3 hounds (D:5)
  2 sleepcaps
  7 iguanas
  2 orc wizards (D:4)
  3 adders
  A gnoll (D:5)
  A shadow imp (D:5)
  A white imp (D:5)
  4 dart slugs
  11 orcs
  7 bats
  3 endoplasms
  3 giant cockroaches
  5 goblins
  4 hobgoblins
  4 quokkas
  6 ball pythons
  6 frilled lizards
  3 kobolds
  5 rats
93 creatures vanquished.

Notes
Turn   | Place    | Note
-------+----------+-------------------------------------------
     0 | D:1      | thirtiethelement the Demonspawn Shapeshifter began the
                  | quest for the Orb.
     0 | D:1      | Reached XP level 1. HP: 15/15 MP: 1/1
   254 | D:1      | Gained mutation: You regenerate magic rapidly. [demonic
                  | ancestry]
   254 | D:1      | Reached XP level 2. HP: 13/21 MP: 2/2
  1011 | D:2      | Found Muheisag's Book Shoppe.
  1023 | D:2      | Found Nawen's General Store.
  1038 | D:2      | Found a shimmering altar of Xom.
  1165 | D:2      | Found Viocs's Antique Armour Shoppe.
  1205 | D:2      | Reached XP level 3. HP: 26/26 MP: 3/3
  1509 | D:2      | Found Boudos's General Store.
  1541 | D:2      | Bought a scroll of identify for 22 gold pieces
  1554 | D:2      | Found Sigryugg's General Store.
  1564 | D:2      | Bought a scroll of teleportation for 30 gold pieces
  1564 | D:2      | Bought a potion of brilliance for 40 gold pieces
  1564 | D:2      | Bought a scroll of identify for 20 gold pieces
  1703 | D:2      | Learned a level 1 spell: Sandblast
  1858 | D:2      | Reached skill level 1 in Stealth
  1858 | D:2      | Gained mutation: When seriously injured, your blood forms
                  | armour. (AC +0) [demonic ancestry]
  1858 | D:2      | Reached XP level 4. HP: 4/32 MP: 4/4
  2702 | D:4      | HP: 1/32 [poisoned by an orc wizard]
  2839 | D:4      | Gained mutation: You are partially covered in sharp spines.
                  | [demonic ancestry]
  2839 | D:4      | Reached XP level 5. HP: 7/37 MP: 4/6
  2967 | D:4      | Found a sacrificial altar of Ru.
  3022 | D:4      | Reached skill level 1 in Spellcasting
  3022 | D:4      | Reached skill level 1 in Earth Magic
  3202 | D:4      | Noticed Sigmund
  3232 | D:4      | Killed Sigmund
  3233 | D:4      | Reached skill level 1 in Armour
  3233 | D:4      | Reached XP level 6. HP: 29/44 MP: 6/8
  3785 | D:5      | Entered Level 5 of the Dungeon
  3938 | D:5      | Reached XP level 7. HP: 50/50 MP: 8/10
  3947 | D:5      | Identified the staff "Kobramm" {rElec rPois rCorr Str+2
                  | Int+2 Air}
  4389 | D:5      | Reached skill level 1 in Short Blades
  5066 | D:5      | Gained mutation: When seriously injured, your blood forms
                  | thick armour. (AC +0) [demonic ancestry]
  5066 | D:5      | Reached XP level 8. HP: 57/57 MP: 12/12
  5121 | D:5      | Found an ancient bone altar of Kikubaaqudgha.
  5719 | D:5      | HP: 4/85 [vampire mosquito (2)]
  5720 | D:5      | Slain by a vampire mosquito

Illustrated notes

Levels and vault maps discovered:
D:1:      erik_arrival_blinker_ship, layout_loops_ring, serial_park_tiny_pond,
          kennysheep_pointless_box
D:2:      layout_loops_ring, serial_shops, shop, shop, nicolae_shop_statue_plus,
          nicolae_shop_behind_doors, shop, basic_altar
D:3:      layout_rooms
D:4:      layout_basic, mainiacjoe_overflow_catwalk, uniq_sigmund
D:5:      minmay_octagon_keep, layout_basic,
          chequers_temple_overflow_statue_of_worship, roderic_batcave,
          minmay_misc_feat_roman
D:6:      layout_basic, uniq_duvessa

Skill      XL: |  1  2  3  4  5  6  7  8 |
---------------+-------------------------+-----
Dodging        | 2 3 |  3.1
Unarmed Combat | 3 4 |  4.1
Shapeshifting  | 3 4 |  4.8
Stealth        | 1 |  1.5
Spellcasting   | 1 2 3 |  3.1
Earth Magic    | 1 2 |  2.8
Armour         | 1 2 3 |  3.0
Fighting       | 2 |  2.7
Short Blades   | 2 |  2.4
Throwing       | |  0.1

Action                     |  1- 3 |  4- 6 |  7- 9 || total
---------------------------+-------+-------+-------++-------
  Melee: Unarmed           |   111 |    64 |       ||   175
         Punch             |     1 |     2 |     2 ||     5
         Dagger            |       |    31 |    85 ||   116
         Staff             |       |       |     1 ||     1
  Throw: Throwing net      |       |     1 |       ||     1
         Boomerang         |       |       |     2 ||     2
   Cast: Sandblast         |     2 |    20 |    16 ||    38
    Use: Scroll            |     2 |     3 |     2 ||     7
         Potion            |       |     2 |     2 ||     4
   Stab: Sleeping          |       |       |     2 ||     2
 Armour: Animal skin       |    14 |       |       ||    14
         Leather armour    |     9 |    39 |    34 ||    82
         Skin              |       |       |     8 ||     8
  Dodge: Dodged            |    71 |    55 |    75 ||   201
         Form:             |     1 |       |       ||     1
         Beast             |     1 |       |       ||     1

Table legend: (Time is in decaauts)
 A = Elapsed time spent in this place.
 B = Non-inter-level travel time spent in this place.
 C = Inter-level travel time spent in this place.
 D = Time resting spent in this place.
 E = Time spent auto-exploring this place.
 F = Levels seen in this place.
 G = Mean time per level.
                   A        B        C        D        E       F      G
               +--------+--------+--------+--------+--------+-----+--------+
         Total |   5726 |   5585 |    141 |   1365 |   3151 |   6 |  954.3 |
       Dungeon |   5726 |   5585 |    141 |   1365 |   3151 |   6 |  954.3 |
               +--------+--------+--------+--------+--------+-----+--------+

Top non-repeatable levels by time:
     D:5: 1553 daAuts
     D:4: 1378 daAuts
     D:2: 1088 daAuts
     D:1: 964 daAuts
     D:3: 551 daAuts
     D:6: 189 daAuts
